 Dungeon Crawl Stone Soup version 0.29.1-15-g9cfb28693d (webtiles) character file.

Game seed: 3447223658844731379

2284 wingedge the Gusty (level 9, -3/84 HPs)
             Began as an Ogre Air Elementalist on Apr 12, 2023.
             Was a Follower of Vehumet.
             Slain by an orc warrior
             ... wielding a +0 glaive
              (9 damage)
             ... in a bailey.
             The game lasted 00:29:01 (9169 turns).

wingedge the Gusty (Ogre Air Elementalist)          Turns: 9169, Time: 00:29:02

Health: -3/84      AC:  8    Str: 14    XL:     9   Next: 39%
Magic:  1/18       EV: 10    Int: 20    God:    Vehumet [*.....]
Gold:   446        SH:  0    Dex:  9    Spells: 8/20 levels left

rFire   + . .      SeeInvis +   a - +5 long sword of the Special Spines {vorpal, Will+ rCorr}
rCold   . . .      Faith    .   (no shield)
rNeg    . . .      Spirit   .   n - +2 robe {rF+}
rPois   .          Reflect  .   (helmet restricted)
rElec   .          Harm     .   p - +2 cloak
rCorr   +          Rampage  .   (gloves unavailable)
Will    +....      Archmagi +   (boots unavailable)
Stlth   ++........              (no amulet)
HPRegen 0.24/turn               c - ring of the Mage {Wiz Archmagi}
MPRegen 0.16/turn               t - ring of see invisible

@: wereblooded
A: large, unfitting armour, tough skin 1
a: Renounce Religion


You were in a bailey.
You worshipped Vehumet.
Vehumet was aware of your devotion.
You visited 2 branches of the dungeon, and saw 8 of its levels.
You also visited: Ossuary and Bailey.

You collected 446 gold pieces.

Inventory:

Hand Weapons
 a - the +5 long sword of the Special Spines (weapon) {vorpal, Will+ rCorr}
   (You found it on level 3 of the Dungeon)

   It inflicts extra damage upon your enemies.
   rCorr:     It protects you from acid and corrosion.
   Will:      It increases your willpower.
 B - the +6 quarterstaff of Action {vorpal, rF+ Will+ SInv}
   (You found it on level 7 of the Dungeon)

   It inflicts extra damage upon your enemies.
   rF:        It protects you from fire.
   SInv:      It lets you see invisible.
   Will:      It increases your willpower.
Missiles
 u - 3 silver javelins
 v - 3 large rocks (quivered)
Armour
 n - a +2 robe of fire resistance (worn)
 p - a +2 cloak (worn)
Jewellery
 c - the ring of the Mage (left hand) {Wiz Archmagi}
   (You found it on level 4 of the Dungeon)

   [ring of wizardry]

   It improves your spell success rate.
   Archmagi:  It increases the power of your magical spells.
 t - a ring of see invisible (right hand)
Wands
 y - a wand of mindburst (13)
 z - a wand of flame (14)
Scrolls
 j - a scroll of magic mapping
 k - 2 scrolls of blinking
 l - 2 scrolls of fear
 o - a scroll of immolation
 s - 2 scrolls of butterflies
 A - 2 scrolls of identify
Potions
 b - a potion of flight {unknown}
 d - 6 potions of lignification
 e - 3 potions of brilliance
 f - a potion of haste {unknown}
 g - a potion of resistance {unknown}
 h - 2 potions of heal wounds {unknown}
 i - a potion of mutation {unknown}
 m - 4 potions of curing
 q - a potion of might {unknown}
 r - 3 potions of cancellation {unknown}
 w - a potion of attraction {unknown}
 x - 2 potions of ambrosia {unknown}


   Skills:
 - Level 4.0 Fighting
 + Level 3.5 Long Blades
 - Level 2.0 Dodging
 - Level 2.0 Stealth
 + Level 6.0 Spellcasting
 - Level 4.0 Conjurations
 - Level 2.0 Hexes
 - Level 2.0 Transmutations
 + Level 7.5 Air Magic


You had 8 spell levels left.
You knew the following spells:

 Your Spells              Type           Power      Damage    Failure   Level
a - Shock                 Conj/Air       100%       1d9       1%          1
b - Static Discharge      Conj/Air       43%        3-9/arc   1%          2
c - Airstrike             Air            26%        2d(4-20)  1%          4
d - Wereblood             Tmut           21%        N/A       2%          2
e - Confusing Touch       Hex            21%        N/A       6%          3

Your spell library contained the following spells:

 Spells                   Type           Power      Damage    Failure   Level
 Sandblast                Erth           18%        2d7       4%          1
 Beastly Appendage        Tmut           42%        N/A       1%          1
 Slow                     Hex            84%        N/A       1%          1
 Swiftness                Air            53%        N/A       1%          3
 Spider Form              Tmut/Pois      15%        N/A       9%          3
 Vampiric Draining        Necr           9%         2d6       12%         3


Dungeon Overview and Level Annotations

Branches:
Dungeon (7/15)             Temple (1/1) D:5         Ossuary (visited)
 Bailey (1/1)

Altars:
Ashenzari
Cheibriados
Dithmenos
Gozag
Hepliaklqana
Kikubaaqudgha
Makhleb
Nemelex Xobeh
Okawaru
Qazlal
Ru
Sif Muna
Trog
Uskayaw
Vehumet
Wu Jian
Xom
Zin
The Shining One
Ignis

Shops:
D:7 [


Innate Abilities, Weirdness & Mutations

You are too large for most types of armour.
You have tough skin. (AC +1)


Message History

Vehumet accepts your kill.
The orc warrior is struck by an arc of lightning.
The orc warrior is moderately wounded.
The orc warrior is struck by an arc of lightning!
The orc warrior is moderately wounded.
The lightning grounds out.
The orc warrior is struck by an arc of lightning.
The orc warrior is severely wounded.
You are struck by an arc of lightning.
The orc warrior is struck by an arc of lightning!
The orc warrior is almost dead.
The lightning grounds out.
The orc warrior hits you with a +0 trident!
The orc warrior hits you from afar with a +0 glaive! x2
You slash the orc warrior!
You feel a bit better.
You kill the orc warrior!
Vehumet accepts your kill. The orc warrior barely misses you.
The orc warrior hits you from afar with a +0 glaive!
Your Spellcasting skill increases to level 6!
The orc warrior barely misses you.
The orc warrior hits you but does no damage.
Things that are here:
a +0 halberd; an orc corpse You slash the orc warrior!
The orc warrior is severely wounded.
You howl as the wereblood boils in your veins!
The orc warrior hits you with a +0 glaive! x2
* * * LOW HITPOINT WARNING * * *
You closely miss the orc warrior.
The orc warrior is severely wounded.
The orc warrior closely misses you. The orc warrior barely misses you.
Your magical contamination has completely faded away.
You closely miss the orc warrior.
The orc warrior is severely wounded.
The orc warrior barely misses you.
The orc warrior hits you with a +0 glaive!
* * * LOW HITPOINT WARNING * * *
The orc warrior hits you with a +0 glaive!
You die...

## ''##
##.....##
#.......#
#.).....#
#..#.#..#
#..#8#..#
#.o)....#
#o@)).#
###'###
#...#
#...#
#...#
#...#
###'###
##.....##
#.......#


You could see 2 orc warriors.

Vanquished Creatures
  Eustachio (D:5)
  A steam dragon (D:6)
  2 orc warriors (Bailey)
  2 ice beasts
  A sky beast (D:4)
  2 phantoms
  2 bullfrogs (D:6)
  2 scorpions (D:5)
  3 water moccasin zombies (Ossuary)
  5 wights (D:4)
  2 howler monkeys (D:6)
  2 orc priests (D:5)
  2 jellies
  3 hounds
  2 orc wizards
  3 iguanas
  2 mummies (Ossuary)
  Robin (D:3)
  3 gnolls (D:4)
  2 adders
  A shadow imp (D:6)
  3 ufetubi
  8 adder zombies (Ossuary)
  4 dart slugs
  33 orcs
  10 ball pythons
  10 endoplasms
  4 giant cockroaches (D:1)
  4 gnoll zombies (Ossuary)
  13 goblins
  11 hobgoblins
  10 kobolds
  2 quokkas
  8 bats
  4 frilled lizards
  8 hobgoblin zombies (Ossuary)
  4 kobold zombies (Ossuary)
  4 orc zombies (Ossuary)
  8 rats
  2 rat zombies (D:4)
194 creatures vanquished.

Notes
Turn   | Place    | Note
-------+----------+-------------------------------------------
     0 | D:1      | wingedge the Ogre Air Elementalist began the quest for the
                  | Orb.
     0 | D:1      | Reached XP level 1. HP: 16/16 MP: 3/3
    25 | D:1      | Reached skill level 1 in Conjurations
   265 | D:1      | Reached XP level 2. HP: 20/24 MP: 1/5
   548 | D:1      | Reached skill level 3 in Air Magic
   872 | D:1      | Reached XP level 3. HP: 31/31 MP: 4/7
   973 | D:1      | Learned a level 2 spell: Static Discharge
  1338 | D:1      | Found a faded altar of an unknown god.
  2174 | D:2      | Reached XP level 4. HP: 39/39 MP: 5/8
  2629 | D:3      | Identified the +5 long sword of the Special Spines {vorpal,
                  | Will+ rCorr}
  2789 | D:3      | Noticed Robin
  2794 | D:3      | Killed Robin
  2795 | D:3      | Reached skill level 1 in Fighting
  3021 | D:3      | Reached XP level 5. HP: 37/48 MP: 5/10
  3160 | D:3      | Found a sparkling altar of Nemelex Xobeh.
  3551 | D:3      | Reached skill level 1 in Long Blades
  3652 | D:4      | Found the ring of the Mage {Wiz Archmagi}
  3680 | D:4      | Noticed a phantom
  3699 | D:4      | Killed a phantom
  3700 | D:4      | Reached XP level 6. HP: 35/59 MP: 0/12
  3737 | D:4      | Found a sand-covered staircase.
  3751 | Ossuary  | Entered an ossuary
  4431 | Ossuary  | Reached skill level 4 in Air Magic
  4431 | Ossuary  | Reached XP level 7. HP: 55/67 MP: 2/13
  4694 | D:4      | Learned a level 4 spell: Airstrike
  4698 | D:4      | Reached skill level 5 in Spellcasting
  4771 | D:4      | Found a shadowy altar of Dithmenos.
  5069 | D:4      | Reached skill level 5 in Air Magic
  5072 | D:4      | Learned a level 2 spell: Wereblood
  5076 | D:4      | Learned a level 3 spell: Confusing Touch
  5081 | D:4      | Reached XP level 8. HP: 75/75 MP: 6/15
  5084 | D:4      | Reached skill level 1 in Transmutations
  5649 | D:5      | Entered Level 5 of the Dungeon
  5649 | D:5      | Found a staircase to the Ecumenical Temple.
  5657 | Temple   | Entered the Ecumenical Temple
  5705 | Temple   | Became a worshipper of Vehumet
  5871 | D:5      | Found a broken altar of Ashenzari.
  6011 | D:5      | Noticed Eustachio
  6115 | D:5      | Killed Eustachio
  6116 | D:5      | Reached skill level 6 in Air Magic
  6485 | D:5      | Reached skill level 1 in Hexes
  7507 | D:6      | Reached skill level 7 in Air Magic
  7507 | D:6      | Reached XP level 9. HP: 55/84 MP: 9/16
  7853 | D:6      | Found an ancient bone altar of Kikubaaqudgha.
  7856 | D:6      | Found a glowing silver altar of Zin.
  7859 | D:6      | Found a shimmering altar of Xom.
  7862 | D:6      | Found a hazy altar of Hepliaklqana.
  8489 | D:7      | Found Vourul's Antique Armour Shop.
  8745 | D:7      | Found a flagged portal.
  8771 | D:7      | Identified the +6 quarterstaff of Action {vorpal, rF+ Will+
                  | SInv}
  8787 | Bailey   | Entered a bailey
  9160 | Bailey   | Reached * piety under Vehumet
  9160 | Bailey   | Offered knowledge of Sandblast by Vehumet.
  9169 | Bailey   | Slain by an orc warrior

Illustrated notes

Levels and vault maps discovered:
D:1:      scummos_arrival_hexagon, layout_basic,
          shapermc_ecumenical_altar_notcrosses
D:2:      minmay_spotlight, layout_rooms, nicolae_underground_beach
D:3:      layout_loops_ring, nemelex_diamond_rough_becter, minmay_between,
          uniq_robin
D:4:      layout_basic, mainiacjoe_overflow_six_doors_small, enter_ossuary_4,
          dk_noncrumbling_2
D:5:      layout_basic, evilmike_ruin_ashenzari,
          minmay_temple_entry_statues_pillars, uniq_eustachio
D:6:      layout_loops_cross, grunt_temple_overflow_cloverleaf
D:7:      old_forge, layout_basic, serial_shops, shop, enter_bailey_2,
          grunt_decor_clamped, uniq_duvessa
Temple:   ebering_untended_altars
Bailey:   bailey_polearm_5, bailey

Skill      XL: |  1  2  3  4  5  6  7  8  9 |
---------------+----------------------------+-----
Conjurations   | 1 2 3 4 |  4.0
Dodging        | 2 |  2.0
Air Magic      | 3 4 5 7 |  7.5
Spellcasting   | 3 4 5 6 |  6.0
Stealth        | 2 |  2.0
Fighting       | 1 2 3 4 |  4.0
Long Blades    | 1 2 3 |  3.5
Transmutations | 2 |  2.0
Hexes          | 2 |  2.0

Action                   |  1- 3 |  4- 6 |  7- 9 || total
-------------------------+-------+-------+-------++-------
Melee: Club              |    18 |       |       ||    18
       Short sword       |     1 |       |       ||     1
       Dagger            |     5 |       |       ||     5
       Long sword        |       |    22 |    13 ||    35
       Punch             |       |     1 |       ||     1
 Fire: Sling             |     7 |       |       ||     7
 Cast: Shock             |    93 |    58 |    64 ||   215
       Static Discharge  |       |    40 |    33 ||    73
       Airstrike         |       |       |    23 ||    23
       Confusing Touch   |       |       |     2 ||     2
       Wereblood         |       |       |     1 ||     1
  Use: Scroll            |     5 |     2 |     7 ||    14
       Potion            |       |     2 |       ||     2
 Stab: Confused          |       |       |     1 ||     1
Armor: Robe              |    28 |    16 |    22 ||    66
       Skin              |       |    14 |       ||    14
Dodge: Dodged            |    42 |    39 |    37 ||   118
